 Dungeon Crawl Stone Soup version 0.21.1-1-g345015fe64 (webtiles) character file.

67207 Kohma the Brawler (level 14, -5/214 HPs)
             Began as a Troll Berserker on June 23, 2018.
             Was a High Priest of Trog.
             Slain by an orc knight
             ... wielding a +0 great mace
              (9 damage)
             ... on level 1 of the Orcish Mines on June 24, 2018.
             The game lasted 01:10:16 (19571 turns).

Kohma the Brawler (Troll Berserker)                Turns: 19571, Time: 01:10:17

Health: -5/214     AC: 18    Str: 33    XL:     14   Next: 82%
Magic:  4/4        EV: 10    Int:  5    God:    Trog [*****.]
Gold:   1998       SH: 21    Dex: 13    Spells: 13/13 levels left

rFire    . . .     SeeInvis +     - Unarmed
rCold    + + .     Gourm    +   m - +0 large shield
rNeg     + + .     Faith    .   l - +2 acid dragon scales
rPois    +         Spirit   .   y - +2 hat
rElec    .         Reflect  +   f - +1 cloak {+Inv}
rCorr    +         Harm     .   (gloves unavailable)
MR       +++..                  (boots unavailable)
Stlth    ..........             O - +3 amulet of reflection
HPRegen  1.85/turn              U - ring of Saitadgh {rPois Int+2 SInv}
MPRegen  0.09/turn              j - ring "Qoiv" {rC++ rN++ MP-9 Stlth-}

@: berserking, regenerating, very quick
A: large, unfitting armour, claws 3, fast metabolism 3, gourmand, regeneration
1, shaggy fur 1, tough skin 2
a: Berserk, Trog's Hand, Brothers in Arms, Burn Spellbooks, Renounce Religion,
Evoke Invisibility


You were on level 1 of the Orcish Mines.
You worshipped Trog.
Trog was extremely pleased with you.
You were full.

You visited 4 branches of the dungeon, and saw 21 of its levels.
You also visited: Labyrinth, Sewer, Bailey and Ice Cave.

You collected 2245 gold pieces.
You spent 247 gold pieces at shops.

Inventory:

Hand Weapons
 b - a +3 hunting sling of velocity
 L - the +7 lajatang of Order {silver, rMut}
   (You took it off a minotaur in a labyrinth)

   It protects you from mutation.
 Z - a +3 hunting sling of velocity
Missiles
 F - 8 large rocks (quivered)
 I - 61 tomahawks of returning
Armour
 f - a +1 cloak of invisibility (worn)
 l - +2 acid dragon scales (worn)
 m - a +0 large shield (worn)
 y - a +2 hat (worn)
 B - a +2 robe of magic resistance
Jewellery
 j - the ring "Qoiv" (right claw) {rC++ rN++ MP-9 Stlth-}
   (You took it off a minotaur in a labyrinth)

   [ring of loudness]

   It greatly protects you from cold.
   It greatly protects you from negative energy.
   It affects your magic capacity (-9).
   It makes you less stealthy.
 s - an uncursed ring of protection from fire
 H - an uncursed ring of flight
 K - a +3 ring of evasion
 O - a +3 amulet of reflection (around neck)
 U - the ring of Saitadgh (left claw) {rPois Int+2 SInv}
   (You found it on level 1 of the Lair of Beasts)

   [ring of see invisible]

   It affects your intelligence (+2).
   It protects you from poison.
   It lets you see invisible.
Wands
 A - a wand of iceblast (27)
 D - a wand of disintegration (9)
 E - a wand of flame (42)
 N - a wand of paralysis (10)
 T - a wand of digging (15)
 X - a wand of scattershot (16)
 Y - a wand of polymorph (24)
Scrolls
 c - 3 scrolls of fog
 d - 5 scrolls of enchant armour
 e - 7 scrolls of teleportation
 q - 12 scrolls of remove curse
 G - 2 scrolls of enchant weapon
 M - a scroll of blinking
 R - 2 scrolls of fear
 S - a scroll of magic mapping
Potions
 a - 4 potions of ambrosia
 g - 5 potions of flight
 h - 4 potions of invisibility
 i - 5 potions of curing
 k - 4 potions of lignification
 n - 3 potions of mutation
 p - 7 potions of heal wounds
 t - 2 potions of haste {unknown}
 u - 3 potions of brilliance
 v - a potion of cancellation {unknown}
 w - a potion of resistance {unknown}
 x - a potion of degeneration {unknown}
 z - 3 potions of magic
 C - a potion of might {unknown}
 P - 2 potions of berserk rage {unknown}
Miscellaneous
 J - a lightning rod (4/4)
 Q - a phantom mirror
 V - a phial of floods
 W - a box of beasts
Comestibles
 r - 46 rations


   Skills:
 - Level 10.0 Fighting
 - Level 4.0 Throwing
 - Level 10.0 Armour
 + Level 6.9 Dodging
 * Level 7.9 Shields
 + Level 16.3 Unarmed Combat
 - Level 0.2 Evocations


You had 13 spell levels left.
You didn't know any spells.

Dungeon Overview and Level Annotations

Branches:
Dungeon (12/15)            Temple (1/1) D:5            Lair (6/6) D:8
 Shoals (0/4) Lair:2        Snake (0/4) Lair:3        Slime (0/5) Lair:5
    Orc (2/2) D:11
    Elf: Orc:2

Altars:
Ashenzari
Cheibriados
Dithmenos
Elyvilon
Fedhas
Gozag
Hepliaklqana
Kikubaaqudgha
Makhleb
Nemelex Xobeh
Okawaru
Qazlal
Ru
Sif Muna
Trog
Uskayaw
Vehumet
Wu Jian
Xom
Yredelemnul
Zin
The Shining One
Beogh
Jiyva

Shops:
D:8 ?   D:10 :


Innate Abilities, Weirdness & Mutations

You are too large for most types of armour.
You have claws for hands.
Your metabolism is lightning-fast.
You like to eat raw meat.
Your natural rate of healing is unusually fast.
You are covered in fur. (AC +1)
You have very tough skin. (AC +2)


Message History

Your troll claws the orc knight!
You are too berserk!
You can't go up here!
You scratch the orc knight.
The orc knight is heavily wounded.
The orc knight hits you with a great mace!!!
* * * LOW HITPOINT WARNING * * *
Your shield and acid dragon scales prevent you from hitting the orc knight.
The orc knight is heavily wounded.
Your troll bites the orc knight but does no damage.
Your troll closely misses the orc knight.
Your troll barely misses the orc knight.
You block the orc's attack.
You barely miss the orc knight.
The orc knight is heavily wounded.
Your troll bites the orc knight but does no damage.
Your troll claws the orc knight!
Your troll claws the orc knight.
You block the orc knight's attack.
The orc knight hits you with a great mace!
You die...

###### ##
###..#.## ##
##.##....... ..#
.........#.##.##
...............#
........#.....# #.
.......#...#.##...
......T)#.#.......
......o@..........
.....oo))......#.#
......(.#......# #
.........#....#...
_............##...
..........#...#.
...............#
#.......$.......#
#...#.#........##


You could see 2 orc knights, an orc and a friendly troll (berserk).

Vanquished Creatures
  A frost giant (IceCv)
  The ghost of Jyngge the Fighter, a journeyman MiFi of Trog (Lair:4)
  A dire elephant (Lair:6)
  Snorg (D:10)
  Erolcha (D:11)
  A minotaur (Lab)
  2 hydras
  An ice dragon (Lair:6)
  A catoblepas (Lair:6)
  Erica (Lair:1)
  2 two-headed ogres (D:8)
  4 death yaks
  An unseen horror (Lab)
  3 lindwurms (Lair:6)
  3 orc knights
  2 manticores
  An oklob plant (Lair:6)
  A cyclops (D:10)
  2 ugly things
  3 merfolk sirens (Lair:2)
  14 elephants
  3 black mambas
  An ice statue (IceCv)
  Maurice (D:11)
  7 torpor snails
  9 komodo dragons
  5 rime drakes
  12 spiny frogs
  A kobold demonologist (D:11)
  16 polar bears (IceCv)
  A queen bee (shapeshifter) (D:12)
  4 trolls
  A blink frog (Lair:6)
  A merfolk (Lair:2)
  8 hornets
  3 slime creatures (D:12)
  3 tyrant leeches (Lair:6)
  7 hippogriffs
  3 dream sheep (Lair:6)
  Sigmund (D:5)
  A spriggan (D:7)
  53 yaks
  5 basilisks
  4 hungry ghosts
  Grum (D:11)
  A steam dragon (D:7)
  Menkaure (D:5)
  2 nagas (Lair:3)
  An acid dragon (D:12)
  6 water moccasins
  7 porcupines
  18 orc warriors
  2 sky beasts (D:12)
  3 ice beasts
  An eye of draining (D:10)
  A necrophage (D:10)
  2 black bears
  8 ogres
  26 wolves
  3 centaurs
  20 crocodiles
  10 bullfrogs
  2 scorpions
  5 killer bees
  A howler monkey (D:9)
  9 wights
  2 electric eels
  A bullfrog zombie (D:11)
  3 centaur zombies
  12 hounds
  2 jellies
  18 orc wizards
  2 bullfrog skeletons
  10 orc priests
  Crazy Yiuf (D:2)
  2 centaur skeletons
  Jessica (D:4)
  Terence (D:2)
  4 iguanas
  10 worker ants
  A hound skeleton (D:7)
  A howler monkey zombie (D:10)
  20 adders
  2 gnolls (Bailey)
  5 shadow imps
  12 white imps (Lair:1)
  3 oozes
  2 adder skeletons
  An adder zombie (D:9)
  A worm (D:2)
  4 dart slugs
  9 leopard geckos
  62 orcs
  8 giant cockroaches
  17 goblins
  12 hobgoblins
  3 jackals (D:4)
  10 quokkas
  2 ball pythons (Sewer)
  5 bats
  5 frilled lizards
  A giant cockroach zombie (D:2)
  35 kobolds
  A leopard gecko skeleton (D:8)
  A leopard gecko zombie (D:7)
  12 rats
  2 fungi
  3 plants
636 creatures vanquished.

Vanquished Creatures (collateral kills)
  A hydra (D:12)
  2 orc priests (D:11)
  2 orc wizards (D:11)
  An orc (D:11)
6 creatures vanquished.

Vanquished Creatures (others)
  A swamp drake (D:8)
  A centaur (D:8)
  2 orcs (D:7)
  8 fungi
  14 plants
26 creatures vanquished.

Grand Total: 668 creatures vanquished

Notes
Turn   | Place    | Note
-------+----------+-------------------------------------------
     0 | D:1      | Kohma the Troll Berserker began the quest for the Orb.
     0 | D:1      | Reached XP level 1. HP: 22/22 MP: 0/0
   114 | D:1      | Reached XP level 2. HP: 29/29 MP: 1/1
   496 | D:1      | Reached ** piety under Trog
   623 | D:2      | Reached skill level 1 in Throwing
   632 | D:2      | Found a snail-covered altar of Cheibriados.
   637 | D:2      | Reached XP level 3. HP: 36/36 MP: 2/2
   710 | D:2      | Found a deep blue altar of Sif Muna.
   712 | D:2      | Noticed Terence
   734 | D:2      | Killed Terence
   734 | D:2      | Reached skill level 4 in Unarmed Combat
   734 | D:2      | Reached XP level 4. HP: 21/44 MP: 3/3
  1231 | D:2      | Found a glowing silver altar of Zin.
  1231 | D:2      | Noticed an angel
  1282 | D:2      | Found a shattered altar of Ashenzari.
  1319 | D:2      | Found a runed door.
  1323 | D:2      | Noticed Crazy Yiuf
  1336 | D:2      | Killed Crazy Yiuf
  1336 | D:2      | Reached XP level 5. HP: 51/53 MP: 4/4
  1483 | D:3      | Reached skill level 5 in Unarmed Combat
  1568 | D:3      | Noticed an ogre
  1588 | D:3      | Killed an ogre
  1588 | D:3      | Reached XP level 6. HP: 25/61 MP: 5/5
  1797 | D:3      | Found a glowing drain.
  1836 | Sewer    | Entered a sewer
  1856 | Sewer    | Reached *** piety under Trog
  2731 | D:4      | Reached skill level 6 in Unarmed Combat
  2750 | D:4      | Reached XP level 7. HP: 45/68 MP: 6/6
  2771 | D:4      | Got an ivory whip
  2987 | D:4      | Found a sparkling altar of Nemelex Xobeh.
  2987 | D:4      | Found an ornate altar of the Wu Jian Council.
  3074 | D:4      | Found a sparkling altar of Nemelex Xobeh.
  3074 | D:4      | Noticed Jessica
  3076 | D:4      | Killed Jessica
  3185 | D:4      | Reached **** piety under Trog
  3272 | D:5      | Entered Level 5 of the Dungeon
  3272 | D:5      | Noticed Sigmund
  3277 | D:5      | Killed Sigmund
  3277 | D:5      | Reached skill level 7 in Unarmed Combat
  3389 | D:5      | Noticed Menkaure
  3397 | D:5      | Killed Menkaure
  3397 | D:5      | Reached XP level 8. HP: 35/79 MP: 7/7
  3847 | D:5      | Found a staircase to the Ecumenical Temple.
  3853 | Temple   | Entered the Ecumenical Temple
  4237 | D:6      | Reached skill level 1 in Armour
  4436 | D:6      | Reached skill level 8 in Unarmed Combat
  4439 | D:6      | Reached skill level 5 in Fighting
  4608 | D:6      | Received a gift from Trog
  5040 | D:7      | Received a gift from Trog
  5138 | D:7      | You fall through a shaft for 3 floors!
  5138 | D:10     | Entered Level 10 of the Dungeon
  5138 | D:10     | Noticed an orc knight
  5138 | D:10     | Noticed a manticore
  5149 | D:10     | Reached XP level 9. HP: 84/88 MP: 8/8
  5155 | D:10     | Killed an orc knight
  5155 | D:10     | Reached skill level 9 in Unarmed Combat
  5160 | D:10     | Killed a manticore
  5229 | D:10     | Reached skill level 10 in Unarmed Combat
  5384 | D:10     | Noticed a cyclops
  5401 | D:10     | Killed a cyclops
  5466 | D:8      | Found Toul's Magic Scroll Emporium.
  5487 | D:8      | Bought a scroll of remove curse for 45 gold pieces
  5487 | D:8      | Bought a scroll of identify for 30 gold pieces
  5487 | D:8      | Bought a scroll of identify for 30 gold pieces
  5487 | D:8      | Bought a scroll of identify for 30 gold pieces
  5487 | D:8      | Bought a scroll of blinking for 112 gold pieces
  5500 | D:8      | Identified the cursed +3 whip of the Sugar Beet {drain, Fragile +Inv rN+ SInv} (You found it on level 4 of the Dungeon)
  5556 | D:8      | Noticed a two-headed ogre
  5571 | D:8      | Killed a two-headed ogre
  5571 | D:8      | Reached XP level 10. HP: 58/99 MP: 9/9
  5677 | D:8      | Noticed a two-headed ogre
  5683 | D:8      | Killed a two-headed ogre
  5683 | D:8      | Reached skill level 11 in Unarmed Combat
  5731 | D:8      | Reached skill level 5 in Armour
  5735 | D:8      | Reached ***** piety under Trog
  6459 | D:8      | Found a staircase to the Lair.
  7418 | D:9      | Received a gift from Trog
  7425 | D:9      | Got an iridescent hand axe {speed}
  7446 | D:9      | Reached skill level 12 in Unarmed Combat
  7476 | D:9      | Reached XP level 11. HP: 26/109 MP: 10/10
  7794 | D:10     | Found Ubodon's Book Shoppe.
  7894 | D:10     | Noticed Snorg
  7902 | D:10     | Killed Snorg
  8512 | D:11     | Noticed a purple ugly thing
  8529 | D:11     | Killed a purple ugly thing
  8628 | D:11     | Noticed Grum
  8640 | D:11     | Killed Grum
  8865 | D:11     | Found a staircase to the Orcish Mines.
  9023 | D:11     | Found a roughly hewn altar of Beogh.
  9100 | D:11     | Found an ornate altar of the Wu Jian Council.
  9122 | D:11     | Reached skill level 13 in Unarmed Combat
  9170 | D:11     | Noticed Erolcha
  9179 | D:11     | Killed Erolcha
  9209 | D:11     | Noticed a sun demon
  9216 | D:11     | Received a gift from Trog
  9245 | D:11     | Noticed Maurice
  9249 | D:11     | Killed Maurice
  9830 | D:12     | Found a flagged portal.
  9850 | Bailey   | Entered a bailey
  9872 | Bailey   | Noticed an orc knight
  9880 | Bailey   | Killed an orc knight
  9881 | Bailey   | Noticed an orc knight
  9890 | Bailey   | Reached XP level 12. HP: 108/122 MP: 11/11
 10316 | D:12     | Reached skill level 14 in Unarmed Combat
 10516 | D:12     | Received a gift from Trog
 10789 | D:12     | Noticed a six-headed hydra
 10982 | D:12     | Killed an eight-headed hydra
 11357 | Lair:1   | Entered Level 1 of the Lair of Beasts
 11405 | Lair:1   | Got a serpentine brass ring
 11708 | Lair:1   | Noticed Erica
 11708 | Lair:1   | Found a frozen archway.
 11739 | Lair:1   | Killed Erica
 11789 | IceCv    | Entered an ice cave
 11790 | IceCv    | Identified the ring of Saitadgh {rPois Int+2 SInv} (You found it on level 1 of the Lair of Beasts)
 11965 | IceCv    | Reached skill level 15 in Unarmed Combat
 12117 | IceCv    | Received a gift from Trog
 12117 | IceCv    | Reached XP level 13. HP: 132/132 MP: 12/12
 12434 | IceCv    | Noticed a frost giant
 12447 | IceCv    | Killed a frost giant
 12458 | IceCv    | Reached skill level 10 in Fighting
 13247 | Lair:2   | Reached skill level 1 in Shields
 13530 | Lair:2   | Found a staircase to the Shoals.
 13713 | Lair:3   | Found a staircase to the Snake Pit.
 14776 | Lair:4   | Noticed Jyngge's ghost (journeyman MiFi)
 14805 | Lair:4   | Killed Jyngge's ghost
 14811 | Lair:4   | Reached skill level 5 in Dodging
 15086 | Lair:4   | Reached skill level 10 in Armour
 15856 | Lair:5   | Reached XP level 14. HP: 125/143 MP: 13/13
 15915 | Lair:5   | Found a labyrinth entrance.
 15953 | Lab      | Entered a labyrinth
 16007 | Lab      | Reached ****** piety under Trog
 16232 | Lab      | Got a crude lapis lazuli ring
 16313 | Lair:5   | Identified the ring "Qoiv" {rC++ rN++ MP-9 Stlth-} (You took it off a minotaur in a labyrinth)
 16565 | Lair:5   | Reached skill level 5 in Shields
 16776 | Lair:5   | Found a viscous altar of Jiyva.
 16776 | Lair:5   | Found a staircase to the Slime Pits.
 16991 | Lair:6   | Entered Level 6 of the Lair of Beasts
 17086 | Lair:6   | Received a gift from Trog
 17428 | Lair:6   | Reached skill level 16 in Unarmed Combat
 17802 | Lair:6   | Found a runed door.
 19290 | Orc:1    | Entered Level 1 of the Orcish Mines
 19375 | Orc:2    | Entered Level 2 of the Orcish Mines
 19497 | Orc:1    | Found a roughly hewn altar of Beogh.
 19568 | Orc:1    | HP: 1/214 [orc knight/great mace (39)]
 19571 | Orc:1    | Slain by an orc knight

Skill      XL: |  1  2  3  4  5  6  7  8  9 10 11 12 13 14 |
---------------+-------------------------------------------+-----
Throwing       | 1 2 3 4 |  4.0
Unarmed Combat | 4 5 6 7 8 10 12 13 15 16 | 16.3
Fighting       | 3 4 5 6 7 8 9 10 | 10.0
Armour         | 2 4 5 7 8 10 | 10.0
Dodging        | 3 5 6 |  6.9
Shields        | 4 7 |  7.9
Evocations     | |  0.2

Action                   |  1- 3 |  4- 6 |  7- 9 | 10-12 | 13-15 || total
-------------------------+-------+-------+-------+-------+-------++-------
Melee: Unarmed           |    82 |   232 |   237 |   716 |   681 ||  1948
       Punch             |     1 |     4 |     8 |    56 |    79 ||   148
Throw: Large rock        |       |       |     1 |    16 |    14 ||    31
       Stone             |       |       |       |    14 |       ||    14
Invok: Berserk           |       |       |     2 |     5 |     4 ||    11
       Burn Spellbooks   |       |       |     1 |     4 |     3 ||     8
       Trog's Hand       |       |       |     1 |     3 |     1 ||     5
       Brothers in Arms  |       |       |       |     2 |     1 ||     3
Evoke: Wand              |       |       |       |       |     5 ||     5
  Use: Scroll            |       |     9 |     7 |    14 |     6 ||    36
       Potion            |       |       |       |     6 |     2 ||     8
 Stab: Sleeping          |     1 |     1 |     2 |     2 |       ||     6
       Invisible         |       |     1 |       |       |     2 ||     3
  Eat: Chunk             |    12 |    19 |    29 |    69 |    68 ||   197
       Ration            |       |       |       |       |     3 ||     3
Armor: Animal skin       |    25 |    70 |     9 |       |       ||   104
       Robe              |       |       |    88 |   100 |       ||   188
       Acid dragon scale |       |       |       |   148 |   249 ||   397
Dodge: Dodged            |    43 |    86 |   104 |   451 |   322 ||  1006
Block: Large shield      |       |       |       |       |    44 ||    44
       Other             |       |       |       |       |    32 ||    32
       Reflection        |       |       |       |       |     1 ||     1
